AoeStats
← 白鹿城拉车车

Fortress

507451256Analyzed
4v4 RM · 13d ago on Sep 18, 2026· 46m 57s· 8 players
Game mode
Random Map
Map size
Huge
Population
200
Speed
Normal
Resources
Standard
Victory
Conquest
Starting age
Dark Age
Ending age
Imperial Age
RankedLock teamsTeams togetherTeam positionsShared explorationLock speedFull tech treeHidden civsTurbo modeCheats
Victory
Defeat
🇳🇿 Saracens · New Zealand
1375
+13
🇨🇳 Mapuche · China
1358
+13
🇨🇳 Goths · China
1205
+20
🇨🇳 Magyars · China
1189
+20
🇩🇪 Poles · Germany
1363
-19
🇸🇪 Britons · Sweden
1320
-18
🇪🇸 Khmer · Spain
1257
-15
🇨🇳 Britons · China
1233
-14
Dr_Sanz
7:54 Feudal Age
7:19 Loom
11:52 Castle Age
10:20 Double-Bit Axe
10:16 Horse Collar
11:19 Gold Mining
11:20 Stone Mining
13:09 Wheelbarrow
15:27 Bow Saw
19:23 Heavy Plow
25:05 Hand Cart
28:32 Imperial Age
26:18 Husbandry
26:38 Forging
27:13 Bloodlines
28:07 Scale Barding Armor
28:38 Iron Casting
29:30 Chain Barding Armor
30:59 Gold Shaft Mining
29:56 Elite Battle Elephant
30:59 Tusk Swords
31:45 Plate Barding Armor
32:11 Blast Furnace
38:05 Crop Rotation
43:50 Light Cavalry
True
8:02 Feudal Age
9:06 Loom
11:50 Castle Age
10:02 Horse Collar
10:43 Double-Bit Axe
11:25 Gold Mining
12:55 Bow Saw
15:27 Fletching
17:17 Stone Mining
20:51 Wheelbarrow
26:07 Imperial Age
23:38 Town Watch
24:12 Bodkin Arrow
25:46 Ballistics
25:53 Fortified Wall
25:47 Padded Archer Armor
26:54 Bracer
27:47 Leather Archer Armor
28:27 Yeomen
28:07 Elite Longbowman
29:27 Ring Archer Armor
30:06 Conscription
32:16 Chemistry
32:30 Guard Tower
32:46 Siege Engineers
34:56 Keep
34:50 Masonry
35:17 Hand Cart
36:47 Hoardings
43:04 Two-Man Saw
43:34 Gold Shaft Mining
45:31 Warwolf
Oh Bossom
10:20 Feudal Age
10:46 Horse Collar
14:44 Castle Age
14:18 Gold Mining
14:21 Loom
16:57 Double-Bit Axe
17:16 Heavy Plow
18:26 Bow Saw
22:20 Wheelbarrow
24:10 Szlachta Privileges
24:54 Hand Cart
27:17 Imperial Age
26:29 Scale Barding Armor
26:34 Forging
26:36 Bloodlines
26:26 Husbandry
27:34 Chain Barding Armor
28:36 Crop Rotation
27:29 Cavalier
28:48 Iron Casting
32:08 Conscription
33:25 Blast Furnace
32:25 Scale Mail Armor
32:29 Town Watch
33:31 Coinage
33:02 Caravan
32:50 Man-at-Arms
33:55 Long Swordsman
35:22 Banking
34:54 Light Cavalry
35:02 Two-Handed Swordsman
35:04 Pikeman
35:44 Squires
36:46 Stone Mining
36:39 Champion
37:35 Chain Mail Armor
37:06 Arson
39:13 Masonry
40:05 Chemistry
40:48 Hoardings
42:38 Fortified Wall
41:59 Winged Hussar
44:41 Fletching
45:21 Plate Mail Armor
axjhbl90
7:33 Feudal Age
12:29 Castle Age
12:12 Fletching
12:47 Double-Bit Axe
13:47 Bow Saw
16:03 Wheelbarrow
17:10 Gold Mining
18:28 Horse Collar
19:38 Stone Mining
20:46 Hand Cart
22:11 Bodkin Arrow
23:28 Ballistics
23:15 Loom
24:11 Padded Archer Armor
26:55 Gold Shaft Mining
28:40 Scale Mail Armor
28:50 Forging
31:11 Pikeman
36:41 Imperial Age
36:47 Yeomen
36:57 Elite Longbowman
37:59 Conscription
38:17 Bracer
37:42 Man-at-Arms
38:24 Squires
38:40 Chain Mail Armor
39:01 Iron Casting
38:44 Halberdier
2038413966
5:09 Loom
7:22 Feudal Age
7:44 Horse Collar
7:49 Double-Bit Axe
14:53 Castle Age
14:28 Bloodlines
14:14 Gold Mining
15:41 Corvinian Army
16:19 Heavy Plow
25:28 Wheelbarrow
30:37 Bow Saw
35:49 Imperial Age
34:40 Scale Barding Armor
34:39 Treadmill Crane
37:35 Chain Barding Armor
37:58 Conscription
39:57 Hoardings
42:34 Recurve Bow
44:48 Parthian Tactics
sherryspk
6:51 Feudal Age
11:05 Castle Age
9:04 Double-Bit Axe
9:49 Horse Collar
15:24 Loom
17:46 Wheelbarrow
19:17 Bow Saw
21:23 Gold Mining
21:25 Stone Mining
21:45 Heavy Plow
22:29 Hand Cart
24:03 Town Watch
28:19 Imperial Age
26:26 Scale Mail Armor
26:36 Forging
26:28 Anarchy
27:27 Chain Mail Armor
27:16 Squires
26:49 Pikeman
28:08 Stone Shaft Mining
28:01 Devotion
28:38 Iron Casting
28:35 Elite Huskarl
29:36 Conscription
29:42 Conscription
29:01 Halberdier
31:41 Blast Furnace
32:57 Chemistry
31:46 Man-at-Arms
33:00 Long Swordsman
33:55 Perfusion
33:46 Two-Handed Swordsman
34:01 Champion
38:13 Guilds
38:05 Caravan
Skilgannon
7:47 Feudal Age
11:57 Castle Age
10:00 Double-Bit Axe
10:24 Horse Collar
10:48 Gold Mining
10:47 Loom
12:13 Town Watch
13:03 Wheelbarrow
16:43 Bow Saw
21:16 Scale Barding Armor
26:50 Hand Cart
30:03 Imperial Age
29:33 Chain Barding Armor
29:37 Forging
30:32 Fletching
31:13 Conscription
30:15 Capped Ram
30:39 Onager
33:02 Siege Ram
34:22 Padded Archer Armor
34:58 Iron Casting
35:49 Caravan
白鹿城拉车车
7:08 Feudal Age
11:04 Castle Age
9:31 Double-Bit Axe
12:18 Bow Saw
15:13 Wheelbarrow
18:15 Horse Collar
19:25 Gold Mining
19:49 Loom
24:42 Imperial Age
22:40 Fletching
22:51 Padded Archer Armor
23:17 Heavy Plow
24:26 Gold Shaft Mining
23:42 Stone Mining
24:23 Malon
24:28 Bodkin Arrow
25:35 Ballistics
24:57 Treadmill Crane
25:46 Leather Archer Armor
26:03 Conscription
26:56 Chemistry
27:03 Crop Rotation
27:09 Stone Shaft Mining
26:26 Elite Skirmisher
28:05 Ring Archer Armor
28:07 Town Watch
28:40 Hand Cart
27:51 Elite Bolas Rider
29:10 Butalmapu
29:57 Arrowslits
30:22 Scale Mail Armor
30:32 Forging
30:37 Caravan
31:06 Town Patrol
31:56 Chain Mail Armor
31:54 Masonry
35:36 Architecture
35:45 Hoardings
37:20 Elite Kona
Connection lost

Rejoining the realm…

Still unreachable

The connection could not be restored.

Session expired

The server has moved on; the page needs a fresh start.